 Dungeon Crawl Stone Soup version 0.21.0-3-g78d12a8 (webtiles) character file.

42 Monsterracer the Skirmisher (level 3, 0/33 HPs)
             Began as a Hill Orc Ice Elementalist on Jan 17, 2018.
             Slain by Natasha (7 damage)
             ... on level 2 of the Dungeon.
             The game lasted 00:01:35 (1388 turns).

Monsterracer the Skirmisher (HOIE)                  Turns: 1388, Time: 00:01:35

Health: 0/33       AC:  3    Str: 11    XL:     3   Next: 54%
Magic:  1/5        EV: 15    Int: 15    God:
Gold:   58         SH:  0    Dex: 11    Spells: 4/5 levels left

rFire    + . .     SeeInvis .   k - +0 dagger
rCold    . . .     Gourm    .   (no shield)
rNeg     . . .     Faith    .   a - +0 robe
rPois    .         Spirit   .   f - +0 helmet
rElec    .         Reflect  .   (no cloak)
rCorr    .         Harm     .   (no gloves)
MR       .....                  (no boots)
Stlth    ++........             (no amulet)
HPRegen  0.11/turn              m - ring of protection from fire {!d}
MPRegen  0.09/turn              l - +3 ring of evasion

@: no status effects
A: no striking features
a: no special abilities


You were on level 2 of the Dungeon.
You were not hungry.

You visited 1 branch of the dungeon, and saw 2 of its levels.

You collected 58 gold pieces.

Inventory:

Hand Weapons
 k - a +0 dagger (weapon)
Missiles
 d - 3 javelins (quivered)
Armour
 a - a +0 robe (worn)
 f - a +0 helmet (worn)
 g - a +0 ring mail
Jewellery
 l - a +3 ring of evasion (right hand)
 m - a ring of protection from fire (left hand) {!d}
Scrolls
 e - 3 scrolls of identify {unknown}
 h - a scroll of blinking {unknown}
 i - 2 scrolls of magic mapping {unknown}
 j - 2 scrolls of teleportation {unknown}
Books
 b - a book of Frost

   Spells                             Type                      Level
   a - Freeze                         Ice                          1
   b - Throw Frost                    Conjuration/Ice              2
   c - Ozocubu's Armour               Charms/Ice                   3
   d - Throw Icicle                   Conjuration/Ice              4
   e - Summon Ice Beast               Ice/Summoning                4
Comestibles
 c - 2 rations


   Skills:
 + Level 3.7 Fighting
 - Level 1.5 Dodging
 - Level 1.5 Stealth
 - Level 1.5 Spellcasting
   Level 1.0 Conjurations
 - Level 2.6 Ice Magic


You had 4 spell levels left.
You knew the following spells:

 Your Spells              Type           Power        Failure   Level  Hunger
a - Freeze                Ice            #...         8%          1    ##.....


Dungeon Overview and Level Annotations

Branches:
Dungeon (2/15)

Altars:

Annotations:
D:2 Natasha


Message History

Health restored: 33; MP restored: 5
There are monsters nearby!
There are monsters nearby!
i - 2 scrolls labeled LEQES JAX ETRE (gained 1)
The kobold shouts!
The kobold throws a stone.
The stone closely misses you. The rat misses you.
You barely miss the rat.
The kobold throws a stone.
The stone hits you but does no damage. The rat barely misses you.
You hit the rat but do no damage. The rat closely misses you.
You hit the rat but do no damage. The rat barely misses you.
You barely miss the rat.
The kobold throws a stone.
The stone completely misses you. The rat closely misses you.
You hit the rat.
You kill the rat!
The kobold throws a stone.
The stone barely misses you.
Natasha, Servant of Life and Death comes into view.
Natasha hisses angrily.
Natasha stares at you and mumbles some strange words.
The magic dart hits you!
You take 4 damage, and have 29/33 hp.
You see here a stone.
A kobold is nearby!
Casting: Freeze
Confirm with . or Enter, or press ? or * to list all spells.
Aiming: Freeze
Press: ? - help, Shift-Dir - straight line, f - kobold
Aim: a kobold, wielding a short sword You freeze the kobold.
The kobold is severely wounded.
The kobold misses you.
You now have 4/5 mp.
Casting: Freeze
Confirm with . or Enter, or press ? or * to list all spells.
Aiming: Freeze
Press: ? - help, Shift-Dir - straight line, f/p - kobold
Aim: a kobold, wielding a short sword (severely wounded)
You freeze the kobold.
You kill the kobold!
You now have 3/5 mp.
Natasha is nearby!
Natasha closely misses you.
Casting: Freeze
Confirm with . or Enter, or press ? or * to list all spells.
Aiming: Freeze
Press: ? - help, Shift-Dir - straight line, f - Natasha
Aim: Natasha You freeze Natasha.
Natasha is moderately wounded.
Natasha hisses.
Natasha casts a spell at you. The magic dart hits you!
You take 6 damage, and have 24/33 hp.
You now have 2/5 mp.
Casting: Freeze
Confirm with . or Enter, or press ? or * to list all spells.
Aiming: Freeze
Press: ? - help, Shift-Dir - straight line, f/p - Natasha
Aim: Natasha (moderately wounded)
You freeze Natasha.
Natasha is heavily wounded.
Natasha closely misses you.
You now have 1/5 mp.
Unknown command.
Casting: Freeze
Confirm with . or Enter, or press ? or * to list all spells.
Aiming: Freeze
Press: ? - help, Shift-Dir - straight line, f/p - Natasha
Aim: Natasha (heavily wounded)
You freeze Natasha.
Natasha is severely wounded.
Natasha claws you.
You take 2 damage, and have 22/33 hp.
You now have 0/5 mp.
You hit Natasha.
Natasha is severely wounded.
Natasha claws you.
You take 2 damage, and have 20/33 hp.
You hit Natasha.
Natasha is almost dead.
Natasha misses you.
You hit Natasha but do no damage.
Natasha is almost dead.
Natasha claws you.
You take 1 damage, and have 19/33 hp.
You hit Natasha.
Natasha is almost dead.
Natasha claws you.
* * * LOW HITPOINT WARNING * * *
You take 6 damage, and have 13/33 hp.
You barely miss Natasha.
Natasha is almost dead.
Natasha claws you but does no damage.
You hit Natasha but do no damage.
Natasha is almost dead.
Natasha stares at you and mumbles some strange words.
The magic dart hits you!
* * * LOW HITPOINT WARNING * * *
You take 7 damage, and have 7/33 hp.
MASSIVE DAMAGE!!
You hit Natasha but do no damage.
Natasha is almost dead.
Natasha claws you!
You die...

#####.....####
.............###
#####..........#
#
#......#.#.####
#
###...........#
# ####.#.#.##.##
#.....#...#####
###
###((.()(......
....
#####@..#####
#### #.h.##
#.### #. #. #.
#. #.


You could see Natasha.

Vanquished Creatures
  An adder (D:2)
  A dart slug (D:1)
  3 leopard geckos (D:1)
  4 goblins (D:1)
  3 hobgoblins
  2 jackals (D:2)
  A bat (D:1)
  4 frilled lizards
  3 kobolds
  7 rats
29 creatures vanquished.

Notes
Turn   | Place    | Note
-------+----------+-------------------------------------------
     0 | D:1      | Monsterracer the Hill Orc Ice Elementalist began the quest for the Orb.
     0 | D:1      | Reached XP level 1. HP: 14/14 MP: 3/3
    83 | D:1      | Reached skill level 1 in Fighting
   153 | D:1      | Reached skill level 2 in Fighting
   153 | D:1      | Reached XP level 2. HP: 18/24 MP: 0/4
   542 | D:1      | Reached skill level 3 in Fighting
   787 | D:1      | Reached XP level 3. HP: 26/31 MP: 3/5
  1058 | D:2      | HP: 15/31 [poisoned by an adder]
  1063 | D:2      | HP: 10/31 [poisoned by an adder]
  1068 | D:2      | HP: 9/33 [poisoned by an adder]
  1075 | D:2      | HP: 6/33 [poisoned by an adder]
  1082 | D:2      | HP: 5/33 [poisoned by an adder]
  1090 | D:2      | HP: 4/33 [poisoned by an adder]
  1374 | D:2      | Noticed Natasha
  1385 | D:2      | HP: 13/33 [Natasha (6)]
  1388 | D:2      | Slain by Natasha

Skill      XL: |  1  2 |
---------------+-------+-----
Fighting       | 2 3 |  3.7
Dodging        | |  1.5
Stealth        | |  1.5
Spellcasting   | |  1.5
Conjurations   | |  1.0
Ice Magic      | |  2.6

Action                   || total
-------------------------++-------
Melee: Club              ||    26
       Dagger            ||    58
Throw: Javelin           ||     1
 Cast: Freeze            ||    26
 Stab: Sleeping          ||     3
  Eat: Chunk             ||     2
Armor: Robe              ||    16
Dodge: Dodged            ||    76

Vault maps used:
D:1:      lightli_arrival_isolated_outpost, hex_tiny, minmay_pentomino_x4
D:2:      lemuel_round_altar, dancing_weapons_uskayaw, uniq_terence,
          uniq_natasha
